[Event "US Masters 2022"]
[Site "Charlotte"]
[Date "2022.11.27"]
[Round "8.13"]
[White "Caglar, Sila"]
[Black "Escobar Forero, Alder"]
[Result "0-1"]
[ECO "B22"]
[WhiteElo "2268"]
[BlackElo "2510"]
[Annotator "TA"]
[PlyCount "89"]
[EventDate "2022.11.23"]
[EventType "swiss"]
[EventCountry "USA"]
[SourceTitle "playchess.com"]
[Source "ChessBase"]
[SourceQuality "1"]
[TimeControl "5400+30"]

1. e4 c5 2. c3 d5 3. exd5 Qxd5 4. Nf3 Nf6 5. Na3 Qd8 6. Bc4 {[%emt 0:00:37] B22: Sicilian: 2 c3.} e6 7. O-O Be7 8. Qe2 {[%emt 0:00:19] The position is equal.} O-O {[%emt 0:00:13] [#]} 9. Rd1 $146 ({Predecessor:} 9. d4 cxd4 10. Rd1 Nc6 11. Nb5 a6 12. Nbxd4 Nxd4 13. Rxd4 Qe8 14. Bb3 Bd7 15. Ne5 {1-0 (59) Zelbel,P (2348)-Martin Fernandez,R (2141) Nuremberg 2009}) 9... a6 10. d4 Qc7 11. dxc5 (11. Bb3 {simplifies} b5 12. dxc5 Bxc5 13. Nc2) 11... Bxc5 12. Bg5 Nbd7 $1 13. Nc2 b5 14. Bd3 Bb7 15. Ne3 {[%emt 0:20:25] Inhibits Ng4.} (15. Bh4 {simplifies} Bd6 16. Bg3 Bxg3 17. hxg3 Nc5 18. Ne3) 15... Ne5 (15... h6 $15 16. Bxf6 Nxf6) 16. Nxe5 $11 Qxe5 17. Bxf6 gxf6 18. Qg4+ Kh8 19. Qh4 f5 20. Re1 (20. Bf1 $1 $11) 20... Qg7 (20... Rg8 $17 {Threatens to win with ...Rg7.} 21. Bf1 Rad8) 21. g3 Rad8 22. Rad1 Bf3 (22... h6 $5 ) 23. Be2 Rxd1 {[%emt 0:00:02] Really sharp!} 24. Bxd1 Be4 25. Bb3 (25. Nf1 $11) 25... Re8 (25... a5 $17) 26. Qh5 (26. Rd1 $11) 26... b4 {[%emt 0:09:27] Black is more active.} ({Better is} 26... Qg6 $17 27. Qh4 Kg7) 27. cxb4 Bxb4 28. Rd1 (28. Rf1 {is interesting.} Bc5 29. Nc4 Rd8 30. Qh4) 28... Qf6 (28... Bc5 {feels hotter.} 29. Nc4 Bd5 30. Qe2 Rc8) 29. Rd7 Be7 (29... Re7 $5 30. Rd1 (30. Rd8+ Kg7 $15) 30... Rc7 $11) 30. Nc4 Rc8 31. f4 Bc6 32. Rd2 (32. Rd1 $1 $15) 32... Bb4 (32... Bc5+ $1 $17 33. Kf1 Bb4) 33. Rd1 $1 $15 Bc5+ (33... Qe7 $5 34. Ne5 Be8 $15) 34. Kf1 Bb5 {[%emt 0:03:06] A strong pair of Bishops.} 35. Kg2 $1 Bc6+ (35... Kg7 {seems wilder.} 36. Ne5 Ba7 37. a4 Bc6+) 36. Kf1 Be8 37. Ne5 Qe7 38. Qh6 {[%emt 0:01:20] [#]} (38. Qe2 $15) 38... a5 (38... Qb7 $6 39. Qf6+ Kg8 40. Qg5+ Kh8 41. Qf6+ Kg8 42. Qg5+ Kh8 43. Qf6+ $11) ({Black should try} 38... Rd8 $1 $17 {Strongly threatening ...Rxd1+.} 39. Rxd8 Qxd8) 39. g4 {[%emt 0:01:30] [#]} (39. Kg2 $11 {keeps the balance.}) 39... a4 (39... Bb5+ $1 $17 40. Bc4 Bxc4+ 41. Nxc4 Rd8) 40. Bc4 Bd6 (40... fxg4 $15 41. Rd7 Bxd7) 41. b3 $11 axb3 42. axb3 {[%emt 0:00:04][%cal Od1d6,Ba2b3,Bb3c4][%mdl 32] And now Rxd6! would win.} fxg4 ({Don't play} 42... Bxe5 43. fxe5 Bc6 44. gxf5 $16) (42... Qf8 $14 43. Qxf8+ (43. Qf6+ Kg8 $11) 43... Bxf8) 43. Nxg4 $18 {[%emt 0:00:13] Threatening mate with Nf6.} f5 44. Rxd6 $1 {[%emt 0:00:20][%cal Og4e5] Black must now prevent Ne5!} Rxc4 $2 (44... fxg4 45. Qxe6 (45. Rxe6 Qg7 $16) 45... Qxe6 46. Bxe6 Rc1+ 47. Kf2 Kg7 48. Bxg4 Rc2+ 49. Kg1 Bg6) 45. bxc4 {[%emt 0:00:13][%mdl 32768] Weighted Error Value: White=0.20 (precise) /Black=0.27 (precise) . Loss on time!?} ({Inferior is} 45. Qxe6 Qxe6 46. Rxe6 Rxf4+ 47. Nf2 Bf7 $15) 0-1

[Event "US Masters 2022"]
[Site "Charlotte"]
[Date "2022.11.27"]
[Round "8.14"]
[White "Ozenir, Ekin Baris"]
[Black "Theodorou, Nikolas"]
[Result "0-1"]
[ECO "E92"]
[WhiteElo "2352"]
[BlackElo "2598"]
[Annotator "TA"]
[PlyCount "72"]
[EventDate "2022.11.23"]
[EventType "swiss"]
[EventCountry "USA"]
[SourceTitle "playchess.com"]
[Source "ChessBase"]
[SourceQuality "1"]
[TimeControl "5400+30"]

1. Nf3 Nf6 2. c4 g6 3. Nc3 Bg7 4. e4 d6 5. d4 O-O 6. Be2 e5 7. d5 a5 8. h3 Nh5 9. Nh2 {[%emt 0:01:31][%cal Bf3h2,Bh2g4,Bg4e3][%mdl 32] E92: King's Indian: Classical: 6 Be2 e5: 7 dxe5, 7 Be3 and Petrosian System without 7...Nbd7.} Nf4 10. Bf1 Na6 (10... f5 $5 ) 11. g3 {[%emt 0:00:55] Prevents f5. The position is equal.} Nh5 12. Be2 {[%emt 0:00:44] [#]} a4 $146 ({Predecessor:} 12... Nf6 13. Ng4 Nd7 14. Nh6+ Kh8 15. h4 Ndc5 16. g4 f5 17. h5 fxe4 18. hxg6 Qf6 19. Nf5 Qxg6 20. Nxg7 Bxg4 {½-½ (38) Aronian,L (2797)-Radjabov,T (2734) Beijing 2014}) 13. Ng4 (13. Nxa4 Nf6 $11) 13... a3 {[%emt 0:03:16] White must now prevent ...axb2.} 14. b3 (14. bxa3 Kh8 $11) 14... Nb4 15. Bd2 {[%emt 0:03:15] Prevents Nf4.} c5 (15... f5 $1 $11 16. Nh6+ Kh8) 16. Ne3 $36 {[%emt 0:04:04][%mdl 2048] White has strong initiative.} Kh8 (16... Nf6 $16 {keeps fighting.}) 17. Nb5 $2 ({White has to play} 17. Bxh5 $18 {Threatens to win with Be2.} gxh5 18. Qxh5) 17... Nf6 18. Qb1 Qe7 19. h4 Bd7 20. h5 {[%emt 0:02:42] [#]} (20. Nc3 $14) 20... Kg8 (20... Nxe4 $1 $11 21. Qxe4 f5) 21. g4 Ne8 22. Nc2 Nf6 (22... Bf6 $142) 23. f3 $2 (23. Nbxa3 $2 Nxe4 24. Bxb4 cxb4 25. Nxb4 Nc3 $19) (23. Nxb4 $16 {[%cal Oh5h6] Hoping for h6!} cxb4 24. h6 (24. Bxb4 Bxb5 25. cxb5 gxh5 $16)) 23... Bxb5 $11 24. cxb5 {[%emt 0:00:08] [#]} Nfxd5 25. Bc4 {[%emt 0:05:28] [#]} Nf4 (25... Qf6 $1 $11 26. Kf2 (26. Nxb4 Nxb4) 26... gxh5 27. Bxb4 (27. exd5 e4 $11) (27. g5 Qg6 $15) 27... hxg4 28. Bxd5 Qxf3+ 29. Kg1 Qg3+ 30. Kf1 Qd3+ 31. Kg2 Qf3+ 32. Kg1 Qg3+ 33. Kf1 Qf4+ 34. Kg1 Qg3+) 26. Nxb4 $14 cxb4 27. hxg6 hxg6 28. Qc2 ({Better is} 28. Bxb4 $14 Bf6 29. Qc2) 28... d5 $11 29. exd5 e4 30. Bxf4 {[%emt 0:02:07] [#]} (30. Qxe4 $11 {remains equal.} Rfe8 31. Qxe7 Rxe7+ 32. Kf2 Nxd5 33. Rac1 (33. Bxd5 Bxa1 34. Rxa1 Rd7 $17)) 30... Qf6 $1 $17 31. Qc1 {[%emt 0:01:19][%mdl 8192] [#] Loses the game.} e3 $1 $19 32. Ke2 Qxf4 33. Rb1 (33. Qf1 $142) 33... Rac8 34. d6 (34. Rh3 $142 Rfd8 35. Qc2 Rxd5 36. Rd1 Rxd1 37. Qxd1) 34... Rfd8 35. Qc2 Qg3 {[%emt 0:07:26] Prevents Rh3.} 36. Kxe3 Re8+ {[%emt 0:00:53][%mdl 64] Decoy.   Weighted Error Value: White=0.73/Black=0.26 (precise)} 0-1

[Event "US Masters 2022"]
[Site "Charlotte"]
[Date "2022.11.27"]
[Round "8.15"]
[White "Jacobson, Aaron"]
[Black "Mishra, Abhimanyu"]
[Result "1/2-1/2"]
[ECO "D44"]
[WhiteElo "2351"]
[BlackElo "2549"]
[Annotator "TA"]
[PlyCount "82"]
[EventDate "2022.11.23"]
[EventType "swiss"]
[EventCountry "USA"]
[SourceTitle "playchess.com"]
[Source "ChessBase"]
[SourceQuality "1"]
[TimeControl "5400+30"]

1. d4 d5 2. c4 c6 3. Nf3 Nf6 4. Nc3 e6 5. Bg5 dxc4 6. e4 b5 7. e5 h6 8. Bh4 g5 9. Nxg5 hxg5 10. Bxg5 Be7 11. exf6 Bxf6 12. Bxf6 Qxf6 13. g3 Bb7 14. Bg2 Na6 15. Ne4 Qe7 16. O-O {[%emt 0:00:11] D44: Semi-Slav: Botvinnik System.} O-O-O 17. h4 c5 18. a4 $1 {[%emt 0:00:14] White is slightly better.} Rxd4 (18... cxd4 $2 19. axb5 Bxe4 20. Bxe4 $16) 19. Qe2 b4 20. Rad1 Qc7 21. Ng5 Bxg2 22. Kxg2 Qc6+ 23. f3 f6 24. Qxe6+ (24. Nxe6 $2 Rxd1 25. Rxd1 Re8 $17) (24. Ne4 {seems wilder.} e5 25. Rc1 f5 26. Nf2) 24... Qxe6 25. Nxe6 Rxd1 26. Rxd1 $11 {[%emt 0:00:04][%mdl 4096] Endgame KRN-KRN} b3 27. Rc1 (27. f4 $14) 27... Re8 $1 {[%emt 0:00:08] The position is equal.} 28. Nf4 Rd8 {[%emt 0:00:09] Hoping for ...Rd2+.} 29. Rxc4 Rd2+ 30. Kh3 Rxb2 31. Nd3 Ra2 {[%emt 0:01:21] Threatens to win with ...b2.} 32. Nxc5 Rc2 $1 33. Rxc2 bxc2 {[%emt 0:00:06] KN-KN} 34. Nd3 {[%emt 0:00:02] h5 is the strong threat.} Nc5 {[%emt 0:01:26][%mdl 64] [#] Prevents h5.} 35. Nc1 {[%emt 0:00:04] Black must now prevent Kg4.} Kd7 36. Kg4 {[%emt 0:00:17] [#] aiming for Kf5.} Ke6 $146 ({Predecessor:} 36... Ke7 37. Kf4 Nxa4 38. Ke3 {½-½ (38) De Mingo Matias,J (2278)-Landero Luna,V (2260) ICCF email 2017}) 37. Kf4 Nxa4 38. Ke3 Nb6 39. Kd3 Nd7 40. Kxc2 Ne5 $1 41. f4 Ng4 {[%emt 0:01:28] Weighted Error Value: White=0.05 (flawless) /Black=0.01 (flawless)} 1/2-1/2

[Event "US Masters 2022"]
[Site "Charlotte"]
[Date "2022.11.27"]
[Round "8.16"]
[White "Marek, Matyas"]
[Black "Brodsky, David"]
[Result "0-1"]
[ECO "B51"]
[WhiteElo "2346"]
[BlackElo "2509"]
[Annotator "TA"]
[PlyCount "64"]
[EventDate "2022.11.23"]
[EventType "swiss"]
[EventCountry "USA"]
[SourceTitle "playchess.com"]
[Source "ChessBase"]
[SourceQuality "1"]
[TimeControl "5400+30"]

1. e4 {[%emt 0:01:04] Sagar Shah} c5 2. Nf3 d6 3. Bb5+ Nd7 4. a4 Ngf6 5. Nc3 g6 6. O-O {[%emt 0:00:06] B51: Sicilian: Moscow Variation (3 Bb5+) without 3...Bd7.} Bg7 7. a5 O-O 8. d3 {[%emt 0:07:51] White is slightly better.} a6 9. Bc4 Nb8 10. e5 Ne8 11. Nd5 (11. Qe2 $5 ) 11... Nc6 12. Nb6 (12. c3 $5 ) 12... Rb8 13. Nxc8 {[%emt 0:04:54] [#]} Qxc8 $146 ({Predecessor:} 13... Rxc8 14. e6 f6 15. Qe1 d5 16. Bb3 Qd6 17. Ra4 Nc7 18. Bf4 Ne5 19. Bxe5 fxe5 {0-1 (34) Praggnanandhaa,R (2529)-So,W (2780) Leon 2018 CBM 185 [Sagar Shah]}) 14. exd6 Nxd6 15. Bb3 Qc7 16. Qe1 Rbd8 17. Ra2 Rfe8 18. Bd2 e5 19. Ng5 $2 {[%emt 0:05:00] [#] Inhibits e4.} (19. Bg5 $11) 19... e4 $1 $19 {[%emt 0:19:30] ...exd3 is the strong threat.} 20. Bf4 {[%emt 0:20:21] [#]} (20. dxe4 h6 21. Nf3 c4 $17) (20. Qb1 $142) 20... Be5 $2 ({Black should play} 20... exd3 $1 $19 21. Bxf7+ (21. Bxd6 $2 Rxe1 22. Bxc7 d2 $19) 21... Nxf7 22. Bxc7 Rxe1 23. Rxe1 Rc8 24. cxd3 (24. Nxf7 $2 Rxc7 25. Nd6 dxc2 $19) 24... Nxg5) 21. Bxe5 $15 Rxe5 (21... Nxe5 {simplifies} 22. Ba4 Re7 23. Nxe4 Nxe4 24. dxe4 Nc4) 22. f4 $1 (22. Nxe4 $2 c4 23. Ba4 (23. Nf6+ $2 Kg7 $19) 23... Nxe4 24. dxe4 Rxa5 25. Bxc6 Rxa2 $19) 22... exf3 23. Qh4 f2+ 24. Rxf2 (24. Qxf2 $2 {perishes.} Rxg5 25. Raa1 Rf5 $19) 24... Re1+ 25. Rf1 Rxf1+ 26. Kxf1 h5 {[%emt 0:00:40] Strongly threatening ...Nf5.} 27. g4 {[%emt 0:01:19][%mdl 8192] Inhibits Nf5.} ({Better is} 27. Qf4 $15 Qe7 28. Ra1) 27... c4 $19 ({Worse is} 27... Nxa5 28. Bxf7+ Nxf7 29. Ne6 $11) 28. dxc4 {[%emt 0:00:41] [#]} Nxc4 $1 29. gxh5 Rd1+ (29... N4xa5 $2 30. Bxf7+ $18) 30. Ke2 (30. Kg2 $142 Ne3+ 31. Kf2) 30... Rd4 31. Qg3 Qe7+ 32. Kf1 {[%emt 0:00:33] [#]} Rg4 $3 {[%emt 0:01:51][%mdl 512] Weighted Error Value: White=0.79/Black=0.11 (very precise)} 0-1

[Event "US Masters 2022"]
[Site "Charlotte"]
[Date "2022.11.27"]
[Round "8.17"]
[White "Castro Torres, Jose Luis"]
[Black "Grinberg, Eyal"]
[Result "0-1"]
[ECO "D52"]
[WhiteElo "2342"]
[BlackElo "2491"]
[Annotator "TA"]
[PlyCount "78"]
[EventDate "2022.11.23"]
[EventType "swiss"]
[EventCountry "USA"]
[SourceTitle "playchess.com"]
[Source "ChessBase"]
[SourceQuality "1"]
[TimeControl "5400+30"]

1. d4 d5 2. c4 c6 3. Nf3 Nf6 4. Nc3 e6 5. Bg5 Nbd7 6. e3 Qa5 7. Nd2 Bb4 8. Qc2 e5 9. Bxf6 {[%emt 0:18:11] D52: Queen's Gambit Declined: Cambridge Springs Variation.} Nxf6 10. dxe5 Ne4 {[%emt 0:00:41] [#]} 11. Nb3 $146 {[%emt 0:31:13] White is slightly better.} ({Predecessor:} 11. cxd5 Nxc3 12. bxc3 Bxc3 13. Rc1 Bxd2+ 14. Qxd2 Qxd5 15. Qxd5 cxd5 16. Rc7 O-O 17. Be2 {½-½ (26) Bluvshtein,M (2520)-Miton,K (2648) Montreal 2007}) 11... Bxc3+ 12. bxc3 Qxc3+ 13. Qxc3 Nxc3 14. cxd5 Nxd5 15. Bc4 Nb6 16. Be2 Be6 17. Nc5 O-O-O 18. Nxe6 fxe6 19. O-O Rd2 20. Bg4 Re8 21. f4 Nd5 22. Rf2 Rxf2 23. Kxf2 $15 {[%emt 0:00:05][%mdl 4096] Endgame KRB-KRN} b5 24. Bf3 Kc7 25. Bxd5 exd5 $11 {[%emt 0:05:36] KR-KR} 26. Rd1 Rd8 27. g4 a5 28. f5 b4 29. h4 a4 30. Kf3 c5 {[%emt 0:08:57] White should prevent ...c4.} 31. g5 {[%emt 0:00:17] [#]} (31. Rc1 $1 $11 {keeps the balance.}) 31... c4 $1 $17 {[%emt 0:05:07] And now ...b3 would win.} 32. f6 $2 {[%emt 0:00:05] This costs White the game.} (32. Ke2 $17) 32... gxf6 $19 33. exf6 ({Stronger than} 33. gxf6 b3 34. Ke2 Rb8 35. axb3 axb3 $17) 33... b3 {[%emt 0:01:08] aiming for ...c3.} 34. axb3 $2 (34. Ke2 Kd6 35. Kd2) 34... cxb3 {[%emt 0:04:51] White must now prevent ...b2. Black is clearly winning.} 35. Ke2 Kd6 (35... a3 $142 36. Kd3 Rb8) 36. e4 b2 {[%emt 0:01:25] [#] Strongly threatening ...a3.} 37. Rxd5+ Kc6 38. Rxd8 b1=Q (38... b1=B {is a self mate.} 39. f7 Kc5 40. f8=Q+ Kc4 41. Rc8+ Kb3 42. Rb8+ Ka2 43. Qb4) 39. Kf3 a3 {[%emt 0:00:38] Weighted Error Value: White=0.95/Black=0.23 (precise)} 0-1

[Event "US Masters 2022"]
[Site "Charlotte"]
[Date "2022.11.27"]
[Round "8.18"]
[White "Nagy, Gabor"]
[Black "Narayanan, Samrug"]
[Result "1-0"]
[ECO "D35"]
[WhiteElo "2482"]
[BlackElo "2340"]
[Annotator "TA"]
[PlyCount "91"]
[EventDate "2022.11.23"]
[EventType "swiss"]
[EventCountry "USA"]
[SourceTitle "playchess.com"]
[Source "ChessBase"]
[SourceQuality "1"]
[TimeControl "5400+30"]

1. d4 d5 2. c4 e6 3. Nc3 Be7 4. Bf4 Nf6 5. e3 O-O 6. a3 {[%emt 0:00:18] D35: Queen's Gambit Declined: Exchange Variation.} b6 7. Nb5 Na6 8. Nf3 {[%emt 0:01:13] The position is equal.} Bb7 9. Rc1 c6 10. Nc3 Nc7 11. Bd3 dxc4 12. Bxc4 Ncd5 {[%emt 0:00:03] [#]} 13. Nxd5 $146 ({Predecessor:} 13. Be5 Nxc3 14. Rxc3 c5 15. O-O Ne4 16. Rd3 Qc8 17. Qc2 a6 18. Rdd1 cxd4 19. Rxd4 b5 20. Bd3 Qxc2 21. Bxc2 Nf6 22. Rfd1 Rac8 23. Bb1 Rfd8 {½-½ (23) Swiercz,D (2611)-Azarov,S (2618) Czech Republic 2012}) 13... Nxd5 14. Bg3 c5 15. dxc5 Bxc5 16. Qe2 Rc8 {[%emt 0:05:05][%cal Ob6b5] White must now prevent ...b5!} 17. O-O Qe7 {[%emt 0:05:47] [#] White leaves nothing to chance now.} (17... a5 $14) 18. e4 $1 $16 Nc7 {[%emt 0:04:11] [#]} (18... b5 $16) 19. b4 $1 $18 b5 (19... Bd6 $142 20. e5 Bxb4) 20. bxc5 (20. Bxb5 Nxb5 21. Qxb5 Bb6 $14) 20... bxc4 21. Bd6 (21. Qxc4 Ba6 22. Qb3 Bxf1 $14) ({Not} 21. Rxc4 e5 $16) 21... Qe8 22. Qe3 {[%emt 0:03:04] Inhibits f5.} (22. Qxc4 Ba6 23. Qb4 Bxf1 $16) 22... Ba6 23. Rfd1 {[%emt 0:01:32] Prevents f6.} f6 24. Bxf8 {[%emt 0:00:16] White is clearly winning.} Qxf8 25. c6 Ne8 26. Qxa7 Rxc6 27. e5 Bb5 28. Nd4 Rc7 29. Qb6 Ba4 30. Re1 Qf7 31. exf6 Nxf6 32. Nxe6 Rc8 {[%emt 0:00:12] Inhibits Qb8.} 33. h3 c3 34. Qd4 Bb3 35. Nc5 ({Weaker is} 35. Rxc3 Rxc3 36. Qxc3 Bxe6 $18) 35... Qc4 36. Qxc4+ Bxc4 37. Rxc3 Rxc5 38. Rec1 Ra5 39. Rxc4 Rxa3 {[%emt 0:00:03][%mdl 4096] Endgame KRR-KRN} 40. Rc7 h6 41. Rb7 Ra5 42. Kh2 h5 43. Rcc7 Rg5 (43... Ne8 $142 44. Rd7 Ra6) 44. f4 Rg6 45. Rc8+ Kh7 46. Rbb8 {[%emt 0:00:06] Weighted Error Value: White=0.38/Black=0.38} 1-0

[Event "US Masters 2022"]
[Site "Charlotte"]
[Date "2022.11.27"]
[Round "8.19"]
[White "Neef, Maximilian"]
[Black "Cervantes Landeiro, Thalia"]
[Result "1-0"]
[ECO "A07"]
[WhiteElo "2481"]
[BlackElo "2309"]
[Annotator "TA"]
[PlyCount "81"]
[EventDate "2022.11.23"]
[EventType "swiss"]
[EventCountry "USA"]
[SourceTitle "playchess.com"]
[Source "ChessBase"]
[SourceQuality "1"]
[TimeControl "5400+30"]

1. Nf3 d5 2. g3 Nf6 3. Bg2 c6 4. O-O Nbd7 5. d4 g6 6. c4 {[%emt 0:04:08] A07: Réti Opening: New York and Capablanca Systems.} dxc4 7. a4 a5 8. Qc2 {[%emt 0:10:20][%cal Oe2e4][%mdl 1024] White has compensation. The position is equal.} Bg7 {[%emt 0:02:54] Prevents e4.} 9. Na3 Nb6 10. e4 {[%emt 0:00:57] Prevents Bf5.} O-O 11. h3 Bd7 {[%emt 0:05:04] [#]} 12. Be3 $146 ({Predecessor:} 12. Rd1 Qc8 13. Kh2 c5 14. Nb5 Bxb5 15. axb5 cxd4 16. Nxd4 Nfd7 17. Be3 Qc7 18. f4 {1-0 (63) Mitrabha,G (2510)-Reefat,B (2371) Dhaka 2022}) 12... c5 (12... Ra6 $14) 13. dxc5 $16 Bxa4 14. Qb1 {[%emt 0:03:24] White is more active.} Nbd7 15. Nxc4 Bb5 16. Rc1 Qc7 ({Black should play} 16... Bxc4 17. Rxc4 Qc7) 17. Nd4 ({White should try} 17. Nb6 $16 Nxb6 18. cxb6) 17... Bxc4 $14 18. Rxc4 e5 19. Nb5 Qc6 20. Na3 Rfc8 21. Qc2 Nf8 22. Rd1 Ne6 23. Rd6 (23. Rd5 $5) 23... Qe8 24. Rb6 $36 {[%emt 0:00:26][%mdl 2048] White has good play.} Qe7 25. Nb5 Rc6 26. Rxc6 (26. Nc3 $16) 26... bxc6 27. Nd6 Nd7 28. Qa4 Ra6 $2 {[%emt 0:05:31] [#] This move loses the game for Black.} (28... Rb8 $16) 29. b4 Nd4 30. Bf1 (30. bxa5 Qd8 $16) 30... Nb8 $2 (30... h5 31. h4 (31. bxa5 h4 $18) 31... Ra8 32. Bxd4 (32. bxa5 Nxc5 33. Rxc5 Qxd6 $18) 32... exd4 33. Qxc6 Rb8) 31. Rc1 $18 ({Resist} 31. bxa5 Nd7 32. Rc1 Nxc5 $18) 31... Ra8 32. bxa5 Qa7 (32... Ne6 $142 33. Bc4 h6) 33. Qa2 Ne6 34. Rb1 {[%emt 0:00:25] [#] Strongly threatening Rb7.} Qe7 35. Rb7 Nd7 36. Bc4 Bf8 37. a6 Nd8 38. Rc7 Ne6 39. Bxe6 fxe6 40. a7 Kg7 41. Rc8 {[%emt 0:00:25] Weighted Error Value: White=0.11 (very precise) /Black=0.53} 1-0

[Event "US Masters 2022"]
[Site "Charlotte"]
[Date "2022.11.27"]
[Round "8.20"]
[White "Atanasov, Anthony"]
[Black "Raja Harshit"]
[Result "0-1"]
[ECO "D02"]
[WhiteElo "2215"]
[BlackElo "2461"]
[Annotator "TA"]
[PlyCount "97"]
[EventDate "2022.11.23"]
[EventType "swiss"]
[EventCountry "USA"]
[SourceTitle "playchess.com"]
[Source "ChessBase"]
[SourceQuality "1"]
[TimeControl "5400+30"]

1. d4 Nf6 2. Nf3 e6 3. Bf4 d5 4. e3 c5 5. a3 Nc6 6. h3 {[%emt 0:00:16] D02: 1 d4 d5 2 Nf3 sidelines, including 2...Nf6 3 g3 and 2...Nf6 3 Bf4.} cxd4 7. exd4 {[%emt 0:00:16] [#]} Nh5 $146 ({Predecessor:} 7... Qb6 8. Nc3 Bd7 9. Be2 Ne7 10. O-O Ng6 11. Bh2 Be7 12. Qd2 O-O 13. Bd3 Rfc8 {½-½ (47) Moriarty,A (2278)-Borrelli,S (2100) ICCF email 2019}) 8. Bh2 {[%emt 0:00:40] The position is equal.} (8. Bg5 $5 Nf6 9. Bf4 $11) 8... Bd6 9. Bxd6 Qxd6 10. g3 O-O 11. Bg2 e5 12. dxe5 (12. Nxe5 {seems wilder.} Nxg3 13. fxg3 Nxe5 14. dxe5 Qxe5+ 15. Kf2) 12... Nxe5 13. O-O Nf6 14. Nxe5 Qxe5 15. Nc3 Be6 16. Re1 Qc7 17. Qd4 (17. Bxd5 Rad8 18. Rxe6 fxe6 19. Bxe6+ Kh8 $17) 17... Rfd8 18. Rad1 h5 19. Re5 Rac8 20. f4 (20. Nxd5 $6 Bxd5 21. Bxd5 Qxc2 $11) (20. Rg5 $16 Kh7 21. Bxd5 (21. Nxd5 Bxd5 22. Bxd5 Qxc2 $11)) 20... Qd7 $14 21. Rg5 (21. Nxd5 $2 Bxd5 22. Qf2 Qc6 23. Bxd5 Nxd5 $19) 21... Kf8 22. f5 (22. Nxd5 Bxd5 23. Bxd5 Rxc2 24. Qb4+ (24. Qxa7 $2 Qxh3 $19) 24... Qe7 25. Qxe7+ (25. Qxb7 Qxb7 26. Rf1 Rxd5 27. Rxd5 Qxd5 28. Rf2 Qc5 29. h4 Qxf2+ 30. Kh1 Qh2#) 25... Kxe7 $17) 22... Bxf5 23. Qb4+ (23. Qxa7 Bxh3 24. Qd4 (24. Bxd5 Qe7 $17) (24. Bxh3 Qxh3 25. Qd4 Rc6 $17) 24... Bxg2 25. Kxg2 Qc6 $17) (23. Bxd5 Bxc2 24. Qb4+ Qd6 25. Bxb7 Qxb4 26. Rxd8+ Rxd8 $17) 23... Kg8 24. Qd4 (24. Nxd5 $5 Nxd5 25. Rxd5 Qxd5 26. Bxd5 Rxd5 27. c4 (27. Qxb7 Rd1+ 28. Kh2 Rxc2+) 27... Rd1+ 28. Kf2 $14) 24... Bg6 25. Nxd5 (25. Bxd5 Kh8 26. Kh2 Bxc2 $17) 25... Kh8 (25... Bxc2 {is a self mate.} 26. Nxf6+ Kf8 27. Nxd7+ Rxd7 28. Qxg7+ Ke7 29. Qe5+ Kf8 30. Rxd7 Bh7 31. Qe7#) (25... Nh7 26. Re5 Kh8 27. c3 $16 (27. Qxa7 Rxc2 28. Rde1 Rxb2 $15)) (25... Kf8 {feels hotter.} 26. c3 Qd6 27. Kf2 Rc5) 26. c4 (26. Qxa7 $2 {perishes.} Rxc2 27. Qa5 {[#]} Rxg2+ $1 28. Kxg2 Be4+ 29. Kh2 Bxd5 $19) (26. c3 {keeps more tension.} Qb5 27. Rd2 b6 28. Kh2) 26... Qa4 27. Rc1 b5 28. Qe5 (28. Qf4 $5 Nxd5 29. Rxd5 $11 (29. Bxd5 Qb3 $11)) 28... Re8 29. Qd4 Rxc4 30. Rxc4 Qxc4 31. Qxc4 bxc4 32. Nxf6 gxf6 $11 {[%emt 0:00:02][%mdl 4096] Endgame KRB-KRB} 33. Rc5 Bd3 {[%emt 0:03:28] aiming for ...Re1+.} 34. Rxh5+ {[%emt 0:02:07] White is now going downhill.} (34. Bd5 $15) 34... Kg7 $17 {[%emt 0:00:10] ...Re1+ is the strong threat.} 35. Rh4 $2 (35. Bc6 $17 {is a better chance.} Re1+ 36. Kf2 Re2+ 37. Kf3) 35... Re1+ $19 36. Kh2 Re2 37. Rg4+ Kh6 38. Rh4+ Kg7 (38... Kg6 $142 39. Kg1 Rxb2 40. Rg4+ Kf5) 39. Rg4+ Kf8 {[%emt 0:00:01] Black is clearly winning.} 40. Kg1 Rxb2 41. Rd4 {[%emt 0:00:48] [#]} c3 $1 42. Rd8+ Kg7 43. Rxd3 {[%emt 0:00:11] KRB-KR} c2 44. Rc3 {[%emt 0:00:08] Against c1Q+} Rb1+ 45. Kf2 c1=Q 46. Rxc1 Rxc1 47. a4 Rc4 (47... Rc2+ $142 48. Kf1 Rc4) 48. a5 Ra4 49. Ke3 {[%emt 0:02:00] Weighted Error Value: White=0.51/Black=0.27 (precise)} 0-1

[Event "US Masters 2022"]
[Site "Charlotte"]
[Date "2022.11.27"]
[Round "8.21"]
[White "Deviprasath, Sharvesh"]
[Black "Woodward, Andy"]
[Result "1/2-1/2"]
[ECO "A16"]
[WhiteElo "2265"]
[BlackElo "2447"]
[Annotator "TA"]
[PlyCount "50"]
[EventDate "2022.11.23"]
[EventType "swiss"]
[EventCountry "USA"]
[SourceTitle "playchess.com"]
[Source "ChessBase"]
[SourceQuality "1"]
[TimeControl "5400+30"]

1. c4 Nf6 2. Nc3 d5 3. cxd5 Nxd5 4. Nf3 g6 5. g3 Bg7 6. Bg2 O-O 7. O-O Nb6 8. d3 Nc6 9. a3 e5 {[%emt 0:04:30] A16: English Opening: 1...Nf6 with ...d5.} 10. Be3 h6 11. Rc1 Re8 {[%emt 0:04:18] The position is equal.} 12. Re1 Nd4 {[%emt 0:16:54] [#]} 13. Na4 $146 ({Predecessor:} 13. Bd2 c6 14. b4 Be6 15. Rb1 Qe7 16. Na4 Rad8 17. Nc5 Bd5 18. e4 Be6 19. Nxd4 Rxd4 {0-1 (63) Giese,T (2001)-Ronge,T (2167) Germany 2019}) 13... Nf5 14. Bd2 Nxa4 15. Qxa4 Bd7 16. Qb3 Bc6 17. Bc3 a5 18. Nd2 a4 19. Qc2 Bxg2 20. Kxg2 h5 21. Nf3 c5 ({Better is} 21... Nd6 $11) 22. h4 Qd7 23. b4 axb3 24. Qxb3 b5 (24... Qc6 $11) 25. e4 $14 Nd4 {[%emt 0:06:38] Weighted Error Value: White=0.14 (very precise) /Black=0.20 (precise)} 1/2-1/2